 Dungeon Crawl Stone Soup version 0.25.0-10-g039870e (webtiles) character file.

Game seed: 10136023198210748153

923 shmeve the Shield-Bearer (level 7, -6/62 HPs)
             Began as a Minotaur Berserker on June 22, 2020.
             Was a Priest of Trog.
             Mangled by a two-headed ogre
             ... wielding a cursed +0 giant club
              (16 damage)
             ... on level 4 of the Dungeon.
             The game lasted 00:06:41 (4833 turns).

shmeve the Shield-Bearer (Minotaur Berserker)       Turns: 4833, Time: 00:06:43

Health: -6/62      AC: 11    Str: 22    XL:     7   Next: 84%
Magic:  6/6        EV:  6    Int:  5    God:    Trog [***...]
Gold:   165        SH: 10    Dex: 10    Spells: 6/6 levels left

rFire    . . .     SeeInvis .   a - +0 hand axe
rCold    . . .     Gourm    .   g - +0 kite shield
rNeg     . . .     Faith    .   f - +0 plate armour
rPois    .         Spirit   .   (helmet restricted)
rElec    .         Reflect  .   (no cloak)
rCorr    .         Harm     .   (no gloves)
MR       ++...                  (no boots)
Stlth    ..........             (no amulet)
HPRegen  1.20/turn              (no ring)
MPRegen  0.10/turn              (no ring)

@: berserk cooldown, regenerating (expiring)
A: retaliatory headbutt, horns 2
a: Berserk, Trog's Hand, Renounce Religion


You were on level 4 of the Dungeon.
You worshipped Trog.
Trog was most pleased with you.
You were near starving.

You visited 2 branches of the dungeon, and saw 6 of its levels.

You collected 165 gold pieces.

Inventory:

Hand Weapons
 a - a +0 hand axe (weapon)
Missiles
 s - a boomerang (quivered)
Armour
 f - a +0 plate armour (worn)
 g - a +0 kite shield (worn)
Jewellery
 p - an uncursed ring of ice {unknown}
Wands
 n - a wand of random effects (7)
 q - a wand of digging (5)
Scrolls
 d - a scroll of random uselessness {unknown}
 e - 2 scrolls of teleportation
 i - a scroll of blinking {unknown}
 j - a scroll of enchant weapon {unknown}
 m - a scroll of enchant armour {unknown}
 o - 3 scrolls of identify {unknown}
Potions
 b - 2 potions of curing {unknown}
 h - a potion of ambrosia {unknown}
 k - a potion of magic {unknown}
 l - a potion of resistance {unknown}
Comestibles
 c - 9 rations


   Skills:
 * Level 5.9 Fighting
 * Level 5.8 Axes
 + Level 2.2 Throwing
 + Level 3.9 Armour
 + Level 3.6 Dodging
 * Level 6.2 Shields


You had 6 spell levels left.
You didn't know any spells.
Your spell library was empty.

Dungeon Overview and Level Annotations

Branches:
Dungeon (5/15)             Temple (1/1) D:4

Altars:
Fedhas
Gozag
Makhleb
Trog
Uskayaw

Annotations:
D:5 Menkaure


Innate Abilities, Weirdness & Mutations

You reflexively headbutt those who attack you in melee.
You have a pair of horns on your head.


Message History

Menkaure calls on the powers of darkness!
Your body is wracked with pain!
* * * LOW HITPOINT WARNING * * *
The two-headed ogre convulses!
Menkaure giggles, "These cerements are ticklish..."
You block the two-headed ogre's attack. The two-headed ogre barely misses you.
There is a stone staircase leading up here.
You can't go down here!
You feel the effects of Trog's Hand fading.
The two-headed ogre closely misses you. The two-headed ogre barely misses you.
You climb upwards.
There is a stone staircase leading down here.
You hit the two-headed ogre.
Your headbutt misses the two-headed ogre.
The two-headed ogre is heavily wounded.
You feel yourself speed up.
The two-headed ogre hits you with a cursed +0 giant club!!
* * * LOW HITPOINT WARNING * * *
The two-headed ogre hits you with a +0 giant club!
You die...

≈≈.≈≈≈≈≈≈..#####.# #........#
≈≈.≈≈≈≈≈≈≈.# #.# #........#
≈...≈≈≈≈≈≈.# #.# #...)...##
≈.>.≈≈≈≈≈≈.#####.###..([...#
≈...≈≈≈≈≈≈.............#...#
≈≈≈≈≈≈≈≈≈...#.#..###)......#####
≈≈≈≈≈≈≈....##.#..# #.....#.....#
≈≈≈≈≈............###.......###.#
................@..........# #.#
........##.###..O###.......# #.#
.#########.# ##### #.....).# #.#
.# #.# ##.###..###.# .# #.# #.#
#......# .# #.# #.# ##.##..# ##
#.# #.####.##..# #>#
#..........# #.# ######.##.##


You could see a two-headed ogre.

Vanquished Creatures
  Duvessa (D:5)
  A sky beast (D:5)
  Blork the orc (D:5)
  A gnoll sergeant (D:3)
  Dowan (D:5)
  3 howler monkeys
  A hound (D:5)
  An orc priest (D:3)
  2 orc wizards
  A bullfrog skeleton (D:5)
  A centaur skeleton (D:4)
  An iguana (D:4)
  2 worker ants
  4 gnolls (D:3)
  5 adders
  2 oozes
  An adder skeleton (D:4)
  3 worms
  4 dart slugs
  2 leopard geckos
  14 orcs
  2 giant cockroaches (D:2)
  7 goblins
  7 hobgoblins
  8 jackals
  5 kobolds
  2 ball pythons (D:3)
  6 bats
  6 frilled lizards
  11 rats
106 creatures vanquished.

Notes
Turn   | Place    | Note
-------+----------+-------------------------------------------
     0 | D:1      | shmeve the Minotaur Berserker began the quest for the Orb.
     0 | D:1      | Reached XP level 1. HP: 19/19 MP: 0/0
    99 | D:1      | Reached XP level 2. HP: 27/27 MP: 1/1
   235 | D:1      | Reached skill level 1 in Shields
   519 | D:1      | Reached skill level 2 in Shields
   680 | D:1      | Reached XP level 3. HP: 31/33 MP: 2/2
   997 | D:2      | Found an opulent altar of Gozag.
  1050 | D:2      | Reached ** piety under Trog
  1148 | D:2      | Reached skill level 3 in Shields
  2120 | D:3      | Reached XP level 4. HP: 40/40 MP: 3/3
  2209 | D:3      | Reached skill level 4 in Shields
  2470 | D:3      | Reached XP level 5. HP: 39/46 MP: 4/4
  2897 | D:3      | Found a blossoming altar of Fedhas.
  3044 | D:3      | Reached skill level 1 in Throwing
  3044 | D:3      | Reached skill level 5 in Shields
  3044 | D:3      | Reached XP level 6. HP: 26/53 MP: 5/5
  3390 | D:4      | Found a staircase to the Ecumenical Temple.
  3463 | D:4      | Reached *** piety under Trog
  3475 | D:4      | Got a warped hand axe
  3476 | D:4      | Identified the +5 hand axe "Xausi" {elec, *Slow +Blink rF+
                  | Int+4} (You found it on level 4 of the Dungeon)
  3745 | D:4      | Reached skill level 5 in Axes
  3790 | D:4      | Reached skill level 5 in Fighting
  3930 | D:4      | Noticed a moth of wrath
  3933 | D:4      | Found a bloodstained altar of Trog.
  4377 | D:4      | Reached XP level 7. HP: 56/61 MP: 6/6
  4382 | D:4      | Found a hide-covered altar of Uskayaw.
  4722 | Temple   | Entered the Ecumenical Temple
  4764 | D:5      | Entered Level 5 of the Dungeon
  4791 | D:5      | Noticed Duvessa
  4793 | D:5      | Noticed Dowan
  4800 | D:5      | Noticed Blork the orc
  4804 | D:5      | Killed Dowan
  4806 | D:5      | Killed Duvessa
  4806 | D:5      | Reached skill level 6 in Shields
  4813 | D:5      | Killed Blork the orc
  4813 | D:5      | Noticed a two-headed ogre
  4816 | D:5      | Noticed Menkaure
  4833 | D:4      | Mangled by a two-headed ogre

Illustrated notes

Levels and vault maps discovered:
D:1:      dpeg_arrival_simpleton_c, layout_basic
D:2:      layout_basic, nicolae_gozag_seed_capital
D:3:      layout_basic, lemuel_crystal_altar, first_ration
D:4:      layout_loops_ring, lemuel_coloured_pillars_altar, tgw_trog,
          temple_pool_b, dk_noncrumbling_4
D:5:      layout_basic, nicolae_overflow_hidden_temple, lemuel_doored_altar,
          gup_sewer_entry_spiral, uniq_pikel, uniq_duvessa, uniq_menkaure,
          uniq_blork_the_orc
Temple:   minmay_temple_curvy_loop

Skill      XL: |  1  2  3  4  5  6  7 |
---------------+----------------------+-----
Shields        | 2 3 4 5 6 |  6.2
Fighting       | 4 5 |  5.9
Axes           | 4 5 |  5.8
Throwing       | 1 2 |  2.2
Armour         | 3 |  3.9
Dodging        | 3 |  3.6

Action                   |  1- 3 |  4- 6 |  7- 9 || total
-------------------------+-------+-------+-------++-------
Melee: Hand axe          |    76 |   161 |    28 ||   265
       Headbutt          |    12 |    26 |     5 ||    43
Throw: Boomerang         |       |    10 |       ||    10
Invok: Trog's Hand       |     1 |     2 |     2 ||     5
       Berserk           |       |     4 |     1 ||     5
  Use: Scroll            |       |       |     1 ||     1
  Eat: Chunk             |     3 |    13 |     1 ||    17
Armor: Animal skin       |    13 |     6 |       ||    19
       Plate armour      |       |    97 |    18 ||   115
Dodge: Dodged            |    56 |    36 |     7 ||    99
Block: Kite shield       |       |    87 |    20 ||   107
